 Dungeon Crawl Stone Soup version 0.27-a0-1555-g0e7b3fb1d2 (webtiles) character file.

Game seed: 5795965673460841953

138 SolCadguy the Conjurer (level 5, -14/28 HPs)
             Began as a Tengu Conjurer on July 15, 2021.
             Demolished by a wyvern (16 damage)
             ... on level 4 of the Dungeon.
             The game lasted 00:05:22 (2704 turns).

SolCadguy the Conjurer (Tengu Conjurer)             Turns: 2704, Time: 00:05:22

Health: -14/28     AC:  2    Str:  7    XL:     5   Next: 21%
Magic:  5/10       EV: 14    Int: 19    God:
Gold:   61         SH:  0    Dex: 13    Spells: 3/9 levels left

rFire    . . .     SeeInvis .   j - +2 dagger (venom)
rCold    . . .     Faith    .   (no shield)
rNeg     . . .     Spirit   .   a - +0 robe
rPois    .         Reflect  .   (helmet restricted)
rElec    .         Harm     .   (no cloak)
rCorr    .         Rampage  .   (no gloves)
Will     .....                  (boots unavailable)
Stlth    ++........             (no amulet)
HPRegen  0.09/turn              (no ring)
MPRegen  0.12/turn              (no ring)

@: flying quickly and evasively, quick
A: beak, talons 3, nimble flight
a: no special abilities


You were on level 4 of the Dungeon.
You visited 1 branch of the dungeon, and saw 4 of its levels.

You collected 61 gold pieces.

Inventory:

Hand Weapons
 e - a +0 short sword
 i - a +2 dagger of draining
 j - a +2 dagger of venom (weapon)
Armour
 a - a +0 robe (worn)
Jewellery
 r - a ring of ice
Scrolls
 c - a scroll of teleportation {unknown}
 f - 2 scrolls of vulnerability {unknown}
 g - a scroll of amnesia {unknown}
 l - 2 scrolls of identify {unknown}
 m - 2 scrolls of enchant weapon {unknown}
 n - a scroll of noise {unknown}
 o - a scroll of magic mapping {unknown}
 q - a scroll of enchant armour {unknown}
Potions
 d - a potion of lignification {unknown}
 h - a potion of might {unknown}
 k - a potion of ambrosia {unknown}
 p - a potion of flight {unknown}
 s - a potion of curing {unknown}


   Skills:
 - Level 2.1 Dodging
 - Level 2.0 Stealth
 + Level 2.7 Spellcasting
 - Level 7.0 Conjurations
 + Level 1.7 Hexes


You had 3 spell levels left.
You knew the following spells:

 Your Spells              Type           Power      Damage    Failure   Level
a - Magic Dart            Conj           100%       1d8       1%          1
b - Searing Ray           Conj           58%        3d5       1%          2
c - Dazzling Flash        Conj/Hex       38%        N/A       8%          3

Your spell library contained the following spells:

 Spells                   Type           Power      Damage    Failure   Level
 Sandblast                Erth           4%         2d4       16%         1
 Mephitic Cloud           Conj/Pois/Air  11%        N/A       19%         3
 Call Imp                 Summ           2%         N/A       24%         2
 Passwall                 Tmut/Erth      1%         N/A       24%         2
 Fulminant Prism          Conj/Hex       9%         3d7       26%         4
 Iskenderun's Mystic Bla  Conj/Tloc      15%        2d5       36%         4
 Lee's Rapid Deconstruct  Erth           1%         3d5*      99%         5


Dungeon Overview and Level Annotations

Branches:
Dungeon (4/15)
 Temple: D:4-7

Altars:

Annotations:
D:2 Sigmund
D:3 3 runed translucent doors, ktje's ghost, amateur DDEn


Innate Abilities, Weirdness & Mutations

You have a beak for a mouth.
You have claws for feet.
Your magical nature lets you fly swiftly and evasively.


Message History

You have reached level 5!
Your magical nature develops, letting you fly swiftly and evasively.
Okay, then.
The wyvern hisses angrily.
You hit the wyvern but do no damage.
The wyvern is poisoned.
Your peck misses the wyvern. The wyvern closely misses you.
You hit the wyvern but do no damage.
The wyvern is lightly wounded.
The wyvern closely misses you. The wyvern bites you.
You barely miss the wyvern.
The wyvern is lightly wounded.
The wyvern bites you.
You closely miss the wyvern.
The wyvern is lightly wounded.
The wyvern bites you. The wyvern misses you.
You hit the wyvern but do no damage.
The wyvern is lightly wounded.
The wyvern closely misses you.
The wyvern hisses menacingly.
The wyvern barely misses you.
You hit the wyvern but do no damage.
The wyvern looks as sick as possible!
Your kick misses the wyvern.
The wyvern is lightly wounded.
The wyvern bites you!
Ouch! That really hurt!
* * * LOW HITPOINT WARNING * * *
The wyvern bites you.
* * * LOW HITPOINT WARNING * * *
It was a potion of heal wounds.
You feel much better. The wyvern bites you!
Ouch! That really hurt!
The wyvern bites you. The wyvern misses you.
An orc wizard comes into view. It is wielding a +0 hand axe.
The orc wizard shouts!
The orc throws a stone.
The stone closely misses you. The orc wizard casts a spell at you.
The magic dart hits you!
* * * LOW HITPOINT WARNING * * *
The wyvern bites you!
Ouch! That really hurt!
You die...

##...## #)....##..#.##..#####...
##....####.#[.##...#.#..##.....#.
.........#...###..##.#.....#####.
.....#......####..##...##### ##.
.....#.#.....>....##...# #..
....<.......##....##..#########.#
.............##..##...#.......)..
).....<..............##..........
..............##@l#..##..........
..............##..o..#####....###
..............#...#..# #..##.#
.................##..####.###.#
##.##... .....##o#...##>..# #.#
.# ........##.#.#.##.### #.# ##
...........#.#.##.# #.#
..................#
.........#.)......## .#


You could see a wyvern (very poisoned), an orc wizard and an orc.

Vanquished Creatures
  An orc priest (D:4)
  An iguana (D:4)
  A hound skeleton (D:4)
  An adder (D:3)
  An adder skeleton (D:4)
  3 orcs (D:4)
  6 endoplasms
  2 giant cockroaches (D:1)
  9 jackals
  2 quokkas (D:1)
  7 ball pythons
  4 bats
  6 goblins
  A jackal skeleton (D:4)
  6 kobolds
  A rat (D:3)
52 creatures vanquished.

Notes
Turn   | Place    | Note
-------+----------+-------------------------------------------
     0 | D:1      | SolCadguy the Tengu Conjurer began the quest for the Orb.
     0 | D:1      | Reached XP level 1. HP: 10/10 MP: 4/4
   199 | D:1      | Reached XP level 2. HP: 15/15 MP: 0/6
   292 | D:1      | Found a faded altar of an unknown god.
   323 | D:1      | Reached skill level 6 in Conjurations
   651 | D:1      | Learned a level 2 spell: Searing Ray
  1032 | D:2      | Reached XP level 3. HP: 19/19 MP: 4/7
  1064 | D:2      | Noticed Sigmund
  1153 | D:3      | Learned a level 3 spell: Dazzling Flash
  1715 | D:3      | Found a runed translucent gate.
  1715 | D:3      | Found a runed translucent gate.
  1715 | D:3      | Found a runed translucent gate.
  1716 | D:3      | Noticed ktje's ghost (amateur DDEn)
  2069 | D:4      | Reached skill level 7 in Conjurations
  2069 | D:4      | Reached XP level 4. HP: 24/24 MP: 2/8
  2317 | D:4      | Reached skill level 1 in Hexes
  2680 | D:4      | Noticed a wyvern
  2681 | D:4      | Gained mutation: Your magical nature lets you fly swiftly
                  | and evasively. [Tengu growth]
  2681 | D:4      | Reached XP level 5. HP: 28/28 MP: 2/10
  2704 | D:4      | Demolished by a wyvern

Illustrated notes

Levels and vault maps discovered:
D:1:      giann_wishing_wells, layout_loops_ring,
          dreamdust_ecumenical_altar_statues
D:2:      layout_basic, uniq_sigmund
D:3:      layout_loops_ring, gammafunk_ghost_necromancy
D:4:      layout_rooms, kennysheep_little_box

Skill      XL: |  1  2  3  4 |
---------------+-------------+-----
Conjurations   | 6 7 |  7.0
Hexes          | 1 |  1.7
Dodging        | |  2.1
Stealth        | |  2.0
Spellcasting   | |  2.7

Action                   |  1- 3 |  4- 6 || total
-------------------------+-------+-------++-------
Melee: Short sword       |     5 |       ||     5
       Dagger            |     8 |     9 ||    17
       Kick              |     5 |       ||     5
       Peck              |     1 |       ||     1
 Cast: Magic Dart        |    61 |    17 ||    78
       Searing Ray       |       |     4 ||     4
  Use: Potion            |       |     1 ||     1
 Stab: Sleeping          |     1 |       ||     1
Armor: Robe              |     3 |       ||     3
Dodge: Dodged            |     9 |     9 ||    18

Table legend: (Time is in decaauts)
 A = Elapsed time spent in this place.
 B = Non-inter-level travel time spent in this place.
 C = Inter-level travel time spent in this place.
 D = Time resting spent in this place.
 E = Time spent auto-exploring this place.
 F = Levels seen in this place.
 G = Mean time per level.
                   A        B        C        D        E       F      G
               +--------+--------+--------+--------+--------+-----+--------+
         Total |   2701 |   2661 |     40 |    212 |   2184 |   4 |  675.2 |
       Dungeon |   2701 |   2661 |     40 |    212 |   2184 |   4 |  675.2 |
               +--------+--------+--------+--------+--------+-----+--------+

Top non-repeatable levels by time:
     D:3: 1150 daAuts
     D:1: 958 daAuts
     D:4: 483 daAuts
     D:2: 109 daAuts
